 Dungeon Crawl Stone Soup version 0.30-a0-54-g2e61a25929 (webtiles) character file.

Game seed: 10439074790258460609

2153 jlumianski the Chopper (level 9, 0/72 HPs)
             Began as a Demonspawn Gladiator on Sept 8, 2022.
             Was an Initiate of Qazlal.
             Slain by an orc knight
             ... wielding a +0 halberd
              (16 damage)
             ... in a bailey.
             The game lasted 00:22:54 (7555 turns).

jlumianski the Chopper (Demonspawn Gladiator)       Turns: 7555, Time: 00:22:55

Health: 0/72       AC: 23    Str: 20    XL:     9   Next: 10%
Magic:  9/10       EV:  9    Int:  9    God:    Qazlal [......]
Gold:   366        SH:  0    Dex: 14    Spells: 8/8 levels left

rFire   . . .      SeeInvis .    A - +0 battleaxe
rCold   + + .      Faith    .    (shield currently unavailable)
rNeg    . . .      Spirit   .    e - +4 chain mail
rPois   .          Reflect  .    (helmet restricted)
rElec   .          Harm     .    (no cloak)
rCorr   .          Rampage  .    (no gloves)
Will    +....                    (no boots)
Stlth   ..........               (no amulet)
HPRegen 0.22/turn                j - ring of willpower
MPRegen 0.12/turn                G - +4 ring of protection

@: sanguine armoured
A: antennae 2, demonic guardian 1, spiny 1, sanguine armour 2, cold resistance
2, deformed body, robust 1, MP-powered wands
a: Renounce Religion


You were in a bailey.
You worshipped Qazlal.
Qazlal was noncommittal.
You visited 2 branches of the dungeon, and saw 8 of its levels.
You also visited: Bailey.

You collected 366 gold pieces.

Inventory:

Hand Weapons
 a - a +0 war axe
 r - a +0 arbalest
 A - a +0 battleaxe (weapon)
 H - a +5 flail of protection
 L - a +0 broad axe
Missiles
 d - 4 throwing nets
 n - 4 poisoned darts (quivered)
 p - 75 stones
 I - a boomerang
 M - a javelin
Armour
 b - a +0 leather armour
 c - a +0 helmet
 e - a +4 chain mail (worn)
 t - a +1 chain mail
Jewellery
 g - a ring of protection from fire
 j - a ring of willpower (left hand)
 l - a +6 ring of dexterity
 y - a ring of magical power
 G - a +4 ring of protection (right hand)
 J - a ring of ice
 K - a ring of positive energy
Wands
 z - a wand of roots (6)
Scrolls
 m - a scroll of magic mapping {unknown}
 o - a scroll of poison
 w - a scroll of enchant armour
 E - 2 scrolls of teleportation
Potions
 f - a potion of degeneration
 h - 2 potions of mutation
 i - 2 potions of attraction
 k - 2 potions of curing
 q - a potion of haste
 s - a potion of resistance {unknown}
 u - a potion of flight {unknown}
 v - 2 potions of might {unknown}
 x - a potion of lignification
 B - a potion of magic
 C - a potion of invisibility {unknown}
 D - 2 potions of heal wounds {unknown}
 F - a potion of brilliance


   Skills:
 + Level 4.5 Fighting
 + Level 7.5 Axes
 + Level 2.8 Throwing
 + Level 5.6 Armour
 + Level 3.9 Dodging
 + Level 2.0 Stealth
 * Level 2.4 Invocations
 * Level 1.6 Evocations


You had 8 spell levels left.
You didn't know any spells.
Your spell library contained the following spells:

 Spells                   Type           Power      Damage    Failure   Level
 Magic Dart               Conj           0%         1d3       98%         1
 Call Imp                 Summ           0%         N/A       99%         2
 Poisonous Vapours        Pois/Air       0%         N/A       99%         2
 Mephitic Cloud           Conj/Pois/Air  0%         N/A       100%        3
 Tukima's Dance           Hex            0%         N/A       100%        3
 Animate Armour           Summ/Erth      0%         N/A       100%        4
 Corpse Rot               Necr/Pois/Air  0%         N/A       100%        4
 Passage of Golubria      Tloc           0%         N/A       100%        4
 Blade Hands              Tmut           0%         N/A       100%        5
 Yara's Violent Unravell  Hex/Tmut       0%         3d3       100%        5
 Iron Shot                Conj/Erth      0%         9d1       100%        6


Dungeon Overview and Level Annotations

Branches:
Dungeon (7/15)             Temple (1/1) D:7          Bailey (1/1)

Altars:
Ashenzari
Cheibriados
Fedhas
Gozag
Hepliaklqana
Kikubaaqudgha
Makhleb
Nemelex Xobeh
Qazlal
Ru
Sif Muna
Trog
Uskayaw
Vehumet
Wu Jian
Xom
Yredelemnul


Innate Abilities, Weirdness & Mutations

You have a pair of antennae on your head.
A weak demonic guardian rushes to your aid.
You are partially covered in sharp spines.
When seriously injured, your blood forms thick armour. (AC +9)
Your flesh is very cold resistant. (rC++)
Armour fits poorly on your strangely shaped body.
You are robust. (+10% HP)
You expend magic power (3 MP) to strengthen your wands.


Message History

The orc knight is struck by your spines.
The orc knight hits you but does no damage.
Your ufetubus closely misses the orc knight.
Your ufetubus barely misses the orc knight.
You closely miss the orc knight.
The orc knight is lightly wounded.
Your ufetubus hits the orc knight but does no damage. x2
The orc knight hits you with a +0 halberd.
Your ufetubus hits the orc knight but does no damage.
Your ufetubus barely misses the orc knight.
The orc knight hits you with a +0 halberd!
* * * LOW HITPOINT WARNING * * *
You barely miss the orc knight.
The orc knight is lightly wounded.
Your ufetubus hits the orc knight but does no damage.
Your ufetubus barely misses the orc knight. x2
Your ufetubus misses the orc knight.
The orc knight hits you with a +0 halberd.
* * * LOW HITPOINT WARNING * * *
A demonic guardian appears!
Your ufetubus hits the orc knight but does no damage.
Your ufetubus hits the orc knight. The orc knight closely misses you.
Your ufetubus barely misses the orc knight.
Your ufetubus hits the orc knight but does no damage.
Your ufetubus misses the orc knight.
Your ufetubus closely misses the orc knight.
The orc knight hits your ufetubus with a +0 halberd!
Your ufetubus dies!
Your ufetubus disappears in a puff of smoke!
Your shadow imp gestures at the orc knight.
The orc knight writhes in agony.
There is a large open door here.
Your shadow imp hits the orc knight.
Things that are here:
a +0 trident; a +0 chain mail; an orc skeleton
Things that are here:
a +0 glaive; a +0 plate armour You feel better.
The orc knight hits you from afar with a +0 halberd!
You die...

#.........)....#
#♣♣♣♣#$.####''####.$#
#≈≈..####........####
#≈≈≈.................
#≈≈≈≈............♣..
#≈≈≈≈≈≈...#.5).#...♣♣♣
#≈≈≈≈≈≈≈≈≈#.o..#≈≈≈≈≈♣♣#
#♣♣≈≈≈≈≈≈≈#....#≈≈≈≈≈≈≈#
♣.≈≈≈≈≈≈#.@..#≈≈≈≈≈≈≈#
♣...≈≈≈≈#....#≈≈≈≈≈≈≈#
♣♣......#)...#....≈≈≈#
♣♣................≈≈#
###.♣♣.).....♣.♣..♣#
#.♣...)........♣♣
#....).......###
##..........##
#..).......#


You could see an orc knight (ally target) and a friendly shadow imp (summoned).

Vanquished Creatures
  Edmund (D:6)
  An ice beast (D:4)
  6 orc warriors (Bailey)
  2 sky beasts
  An ogre (D:5)
  A phantom (D:4)
  A kobold brigand (D:6)
  A gnoll sergeant (D:7)
  3 scorpions
  A jelly (D:5)
  A hound (D:4)
  A gnoll bouda (D:6)
  An iguana (D:4)
  Ijyb (D:4)
  Natasha (twice) (D:4)
  2 orc wizards (D:5)
  12 adders
  11 gnolls
  An ufetubus (D:4)
  2 worms
  3 dart slugs
  17 orcs
  7 ball pythons
  5 bats (D:1)
  2 endoplasms
  2 giant cockroaches
  11 goblins
  3 hobgoblins
  A quokka (D:4)
  A frilled lizard (D:3)
  16 kobolds
  4 rats (D:1)
124 creatures vanquished.

Vanquished Creatures (collateral kills)
  Menkaure (D:4)
  An orc wizard (D:5)
  Natasha (D:4)
3 creatures vanquished.

Grand Total: 127 creatures vanquished

Notes
Turn   | Place    | Note
-------+----------+-------------------------------------------
     0 | D:1      | jlumianski the Demonspawn Gladiator began the quest for the
                  | Orb.
     0 | D:1      | Reached XP level 1. HP: 16/16 MP: 1/1
   185 | D:1      | Reached skill level 3 in Axes
   185 | D:1      | Gained mutation: When seriously injured, your blood forms
                  | armour. (AC +9) [demonic ancestry]
   185 | D:1      | Reached XP level 2. HP: 14/22 MP: 2/2
   364 | D:2      | Reached skill level 1 in Armour
   364 | D:2      | Gained mutation: A weak demonic guardian rushes to your
                  | aid. [demonic ancestry]
   364 | D:2      | Reached XP level 3. HP: 8/27 MP: 3/3
   848 | D:1      | Found a faded altar of an unknown god.
  1594 | D:2      | Gained mutation: You are partially covered in sharp spines.
                  | [demonic ancestry]
  1594 | D:2      | Reached XP level 4. HP: 29/33 MP: 4/4
  1919 | D:3      | Found a basalt altar of Yredelemnul.
  1947 | D:3      | Found a blossoming altar of Fedhas.
  2016 | D:3      | Found a sacrificial altar of Ru.
  2198 | D:3      | Found an ancient bone altar of Kikubaaqudgha.
  2198 | D:3      | Found a bloodstained altar of Trog.
  2323 | D:5      | Entered Level 5 of the Dungeon
  2368 | D:4      | Gained mutation: Your flesh is cold resistant. (rC+)
                  | [potion of mutation]
  2368 | D:4      | Gained mutation: You expend magic power (3 MP) to
                  | strengthen your wands. [potion of mutation]
  2368 | D:4      | Gained mutation: Armour fits poorly on your strangely
                  | shaped body. [potion of mutation]
  2368 | D:4      | Gained mutation: You have hidden genetic potential. [potion
                  | of mutation]
  2398 | D:4      | Noticed a phantom
  2418 | D:4      | Killed a phantom
  2419 | D:4      | Reached skill level 4 in Axes
  2419 | D:4      | Reached XP level 5. HP: 25/39 MP: 5/5
  2427 | D:4      | Gained mutation: Your flesh is very cold resistant. (rC++)
                  | [hidden potential]
  2589 | D:4      | Noticed Menkaure
  2596 | D:4      | Killed Menkaure
  2597 | D:4      | Reached skill level 1 in Stealth
  2597 | D:4      | Gained mutation: When seriously injured, your blood forms
                  | thick armour. (AC +9) [demonic ancestry]
  2597 | D:4      | Reached XP level 6. HP: 6/46 MP: 6/6
  2879 | D:4      | Noticed Natasha
  2888 | D:4      | Killed Natasha
  2914 | D:4      | Noticed Natasha
  2920 | D:4      | Killed Natasha
  2932 | D:4      | Noticed Ijyb
  2939 | D:4      | Killed Ijyb
  3053 | D:4      | Reached skill level 5 in Axes
  3265 | D:4      | Noticed Natasha
  3269 | D:4      | Killed Natasha
  3735 | D:4      | Noticed an ice beast
  3744 | D:4      | Killed an ice beast
  3745 | D:4      | Reached XP level 7. HP: 40/51 MP: 7/7
  3766 | D:4      | Gained mutation: You are robust. (+10% HP) [hidden
                  | potential]
  3766 | D:4      | Lost mutation: You have hidden genetic potential. [hidden
                  | potential expressed]
  4199 | D:5      | Found a snail-covered altar of Cheibriados.
  4618 | D:6      | Noticed Edmund
  4631 | D:6      | Killed Edmund
  4632 | D:6      | Reached skill level 6 in Axes
  4867 | D:6      | Gained mutation: You have a pair of small antennae on your
                  | head. [demonic ancestry]
  4867 | D:6      | Reached XP level 8. HP: 60/63 MP: 8/8
  5275 | D:6      | Found a shimmering blue altar of Sif Muna.
  6360 | D:6      | Reached skill level 5 in Armour
  6489 | D:7      | Reached skill level 7 in Axes
  6627 | D:7      | Found a staircase to the Ecumenical Temple.
  6637 | Temple   | Entered the Ecumenical Temple
  6702 | Temple   | Became a worshipper of Qazlal Stormbringer
  6832 | D:7      | Found a flagged portal.
  6842 | Bailey   | Entered a bailey
  7137 | Bailey   | Reached skill level 1 in Invocations
  7143 | Bailey   | Reached skill level 1 in Evocations
  7198 | Bailey   | Gained mutation: You have a pair of antennae on your head.
                  | [demonic ancestry]
  7198 | Bailey   | Reached XP level 9. HP: 13/72 MP: 6/10
  7534 | Bailey   | Noticed an orc knight
  7555 | Bailey   | Slain by an orc knight

Illustrated notes

Levels and vault maps discovered:
D:1:      minmay_arrival_solitary_statue, layout_loops_cross,
          dreamdust_ecumenical_altar_statues, minmay_tetromino_o2
D:2:      layout_rooms
D:3:      layout_basic, grunt_temple_overflow_open, nicolae_overflow_squiral,
          gammafunk_temple_overflow_elements
D:4:      layout_basic, uniq_menkaure, uniq_ijyb, uniq_natasha
D:5:      nicolae_cairo_tiling, layout_basic, mainiacjoe_overflow_tiny_flanked
D:6:      layout_basic, kennysheep_mini, lemuel_doored_altar, uniq_edmund
D:7:      layout_rooms, minmay_temple_entry_junction, enter_bailey_2
Temple:   nicolae_temple_bog_church
Bailey:   bailey_polearm_elven_captive_hellmonk, bailey

Skill      XL: |  1  2  3  4  5  6  7  8 |
---------------+-------------------------+-----
Axes           | 3 4 5 6 7 |  7.5
Armour         | 1 2 3 4 5 |  5.6
Dodging        | 3 |  3.9
Throwing       | 2 |  2.8
Stealth        | 1 2 |  2.0
Fighting       | 3 4 |  4.5
Invocations    | 2 |  2.4
Evocations     | 1 |  1.6

Action                   |  1- 3 |  4- 6 |  7- 9 || total
-------------------------+-------+-------+-------++-------
Melee: War axe           |    85 |    64 |       ||   149
       Punch             |     2 |       |       ||     2
       Battleaxe         |       |    13 |   147 ||   160
Throw: Dart              |     1 |     6 |    17 ||    24
       Javelin           |       |       |     1 ||     1
Evoke: Wand              |       |       |     3 ||     3
  Use: Scroll            |       |     2 |     8 ||    10
       Potion            |       |     2 |     4 ||     6
 Stab: Sleeping          |     1 |       |       ||     1
       Distracted        |       |     1 |     1 ||     2
Armor: Leather armour    |    33 |       |       ||    33
       Chain mail        |       |    34 |    84 ||   118
Dodge: Dodged            |    76 |    32 |    69 ||   177

Table legend: (Time is in decaauts)
 A = Elapsed time spent in this place.
 B = Non-inter-level travel time spent in this place.
 C = Inter-level travel time spent in this place.
 D = Time resting spent in this place.
 E = Time spent auto-exploring this place.
 F = Levels seen in this place.
 G = Mean time per level.
                   A        B        C        D        E       F      G
               +--------+--------+--------+--------+--------+-----+--------+
         Total |   7675 |   7626 |     49 |   1103 |   4240 |   9 |  852.8 |
       Dungeon |   6857 |   6808 |     49 |    672 |   4240 |   7 |  979.6 |
        Temple |     94 |     94 |      0 |      0 |      0 |   1 |   94.0 |
        Bailey |    723 |    723 |      0 |    431 |      0 |   1 |  723.0 |
               +--------+--------+--------+--------+--------+-----+--------+

Top non-repeatable levels by time:
     D:6: 1724 daAuts
     D:4: 1574 daAuts
     D:1: 1237 daAuts
     D:5: 777 daAuts
  Bailey: 723 daAuts
     D:2: 656 daAuts
     D:7: 472 daAuts
     D:3: 415 daAuts
  Temple: 94 daAuts
